 Dungeon Crawl Stone Soup version 0.24.0-1-gfbc8707 (webtiles) character file.

Game seed: 17684844114490707143, levelgen mode: deterministic

1703 shmeve the Fighter (level 8, -3/111 HPs)
             Began as a Minotaur Berserker on Nov 5, 2019.
             Was a Believer of Trog.
             Slain by a sky beast (5 damage)
             ... on level 5 of the Dungeon.
             The game lasted 00:08:44 (4598 turns).

shmeve the Fighter (Minotaur Berserker)             Turns: 4598, Time: 00:08:45

Health: -3/111     AC:  4    Str: 29    XL:     8   Next: 73%
Magic:  7/7        EV: 14    Int:  4    God:    Trog [**....]
Gold:   234        SH:  0    Dex: 10    Spells: 7/7 levels left

rFire    . . .     SeeInvis .   g - +0 war axe
rCold    . . .     Gourm    .   (no shield)
rNeg     . . .     Faith    .   b - +0 animal skin
rPois    .         Spirit   .   (helmet restricted)
rElec    .         Reflect  .   (no cloak)
rCorr    .         Harm     .   (no gloves)
MR       .....                  i - +1 pair of boots (curse)
Stlth    ..........             p - amulet of inaccuracy (curse)
HPRegen  0.28/turn              (no ring)
MPRegen  0.10/turn              (no ring)

@: berserking, very quick
A: retaliatory headbutt, horns 2
a: Berserk, Trog's Hand, Renounce Religion


You were on level 5 of the Dungeon.
You worshipped Trog.
Trog was pleased with you.
You were hungry.

You visited 2 branches of the dungeon, and saw 6 of its levels.

You collected 280 gold pieces.
You spent 46 gold pieces at shops.

Inventory:

Hand Weapons
 g - a +0 war axe (weapon)
Missiles
 e - 3 javelins (quivered)
Armour
 b - a +0 animal skin (worn)
 i - a cursed +1 pair of boots (worn)
Jewellery
 p - a cursed amulet of inaccuracy (around neck)
 s - a +1 ring of evasion {unknown}
Wands
 l - a wand of disintegration (15)
Scrolls
 h - a scroll of magic mapping
 k - a scroll of remove curse {unknown}
 o - a scroll of identify
 q - a scroll of enchant weapon {unknown}
 t - a scroll of teleportation
Potions
 a - a potion of ambrosia {unknown}
 d - a potion of flight
 f - a potion of magic {unknown}
 j - a potion of brilliance {unknown}
 n - 2 potions of curing {unknown}
 r - a potion of might {unknown}
Comestibles
 c - 10 rations
 m - 6 chunks of flesh


   Skills:
 * Level 8.0 Fighting
 * Level 8.0 Axes
 + Level 3.9 Throwing
 + Level 5.5 Armour
 + Level 5.1 Dodging


You had 7 spell levels left.
You didn't know any spells.
Your spell library was empty.

Dungeon Overview and Level Annotations

Branches:
Dungeon (5/15)             Temple (1/1) D:4

Altars:
Dithmenos

Shops:
D:4 *


Innate Abilities, Weirdness & Mutations

You reflexively headbutt those who attack you in melee.
You have a pair of horns on your head.


Message History

You hit the sky beast but do no damage. Your headbutt misses the sky beast.
The sky beast is heavily wounded.
The sky beast hits you.
* * * LOW HITPOINT WARNING * * *
The sky beast shocks you.
* * * LOW HITPOINT WARNING * * *
A red film seems to cover your vision as you go berserk!
You feel yourself moving faster!
You feel mighty!
You are feeling hungry.
The sky beast hits you.
* * * LOW HITPOINT WARNING * * *
The sky beast shocks you.
* * * LOW HITPOINT WARNING * * *
You miss the sky beast. Your headbutt misses the sky beast.
The sky beast is heavily wounded.
The sky beast closely misses you.
You closely miss the sky beast.
The sky beast is heavily wounded.
The sky beast hits you.
You die...

#.###########.## #.# #... #.#
#### #.# #.# #.# #.# #.#######.#
......Y@..# ###########
#################################
.................................
#################################
.............>...................
#################[.....#########.


You could see a sky beast.

Vanquished Creatures
  A two-headed ogre (D:4)
  Sigmund (D:2)
  An ice beast (D:5)
  2 phantoms (D:5)
  A centaur (D:5)
  3 crimson imps (D:5)
  A jelly (D:5)
  An orc priest (D:5)
  A hound (D:4)
  A centaur skeleton (D:5)
  4 orc wizards (D:5)
  3 worker ants
  2 hound skeletons
  4 adders
  A shadow imp (D:5)
  An ooze (D:5)
  A worm (D:2)
  3 dart slugs
  6 leopard geckos
  6 orcs
  5 bats
  3 giant cockroaches
  7 goblins
  8 hobgoblins
  3 quokkas
  A ball python (D:3)
  2 frilled lizards (D:2)
  3 kobolds
  11 rats
87 creatures vanquished.

Notes
Turn   | Place    | Note
-------+----------+-------------------------------------------
     0 | D:1      | shmeve the Minotaur Berserker began the quest for the Orb.
     0 | D:1      | Reached XP level 1. HP: 19/19 MP: 0/0
   228 | D:1      | Reached XP level 2. HP: 27/27 MP: 1/1
   941 | D:2      | Reached XP level 3. HP: 22/33 MP: 2/2
  1255 | D:2      | Noticed Sigmund
  1270 | D:2      | Killed Sigmund
  1270 | D:2      | Reached ** piety under Trog
  1270 | D:2      | Reached skill level 5 in Fighting
  1270 | D:2      | Reached skill level 5 in Axes
  1270 | D:2      | Reached skill level 1 in Throwing
  1270 | D:2      | Reached XP level 4. HP: 5/42 MP: 3/3
  1270 | D:2      | Reached XP level 5. HP: 5/48 MP: 4/4
  2273 | D:4      | Reached XP level 6. HP: 51/56 MP: 5/5
  2604 | D:4      | Noticed a two-headed ogre
  2611 | D:4      | Killed a two-headed ogre
  2611 | D:4      | Reached XP level 7. HP: 48/64 MP: 6/6
  2774 | D:4      | Found Busilon's Assorted Antiques.
  2787 | D:4      | Bought a scroll labeled HOAFRO HUS XAI for 23 gold pieces
  2787 | D:4      | Bought a scroll labeled AGRECA UTOSKO for 23 gold pieces
  2867 | D:4      | Found a staircase to the Ecumenical Temple.
  2926 | Temple   | Entered the Ecumenical Temple
  3395 | D:5      | Entered Level 5 of the Dungeon
  3412 | D:5      | Reached XP level 8. HP: 73/73 MP: 7/7
  3533 | D:5      | Found a shadowy altar of Dithmenos.
  3712 | D:5      | Reached skill level 5 in Armour
  4418 | D:5      | Reached skill level 5 in Dodging
  4596 | D:5      | HP: 1/111 [sky beast (6)]
  4598 | D:5      | Slain by a sky beast

Levels and vault maps discovered:
D:1:      psy_arrival_radial02, layout_basic, minmay_misc_feat_encased
D:2:      layout_basic, uniq_sigmund
D:3:      layout_basic, minmay_misc_feat_five, minmay_misc_feat_more_columns,
          st_stairs_8
D:4:      layout_basic, minmay_temple_entry_overgrown, serial_shops, shop,
          hangedman_decor_slide_cut
D:5:      layout_basic, first_ration, roderic_serpentine_path,
          grunt_dithmenos_shadows
Temple:   roderic_octagonal_lattice_temple

Skill      XL: |  1  2  3  4  5  6  7  8 |
---------------+-------------------------+-----
Fighting       | 4 5 6 7 8 |  8.0
Axes           | 4 5 6 7 8 |  8.0
Throwing       | 1 3 |  3.9
Armour         | 3 4 5 |  5.5
Dodging        | 3 4 5 |  5.1

Action                   |  1- 3 |  4- 6 |  7- 9 || total
-------------------------+-------+-------+-------++-------
Melee: Hand axe          |    54 |    65 |       ||   119
       Headbutt          |     8 |     8 |    18 ||    34
       War axe           |       |    15 |   120 ||   135
Throw: Javelin           |     3 |     2 |     1 ||     6
Invok: Berserk           |     2 |     1 |     3 ||     6
  Use: Scroll            |       |     5 |     2 ||     7
  Eat: Chunk             |     2 |     5 |     6 ||    13
       Ration            |       |       |     1 ||     1
Armor: Animal skin       |    10 |    20 |    19 ||    49
Dodge: Dodged            |    36 |    53 |    70 ||   159
